 Dungeon Crawl Stone Soup version 0.16-a0-3533-gc382f62 (webtiles) character file.

65 Kemay the Changer (level 4, 4/28 HPs)
             Began as an Octopode Transmuter on Jan 8, 2015.
             Quit the game on level 2 of the Dungeon.
             The game lasted 00:05:06 (1600 turns).

Kemay the Changer (Octopode Transmuter)             Turns: 1600, Time: 00:05:07

Health: 4/28       AC:  1    Str:  9    XL:     4   Next: 14%
Magic:  7/7        EV: 12    Int: 16    God:
Gold:   55         SH:  0    Dex: 12    Spells: 2 memorised, 3 levels left

rFire  . . .     SeeInvis .       - Unarmed
rCold  . . .     Clarity  .     (no shield)
rNeg   . . .     SustAb   .     (helmet restricted)
rPois  .         Gourm    .     b - amulet of rage
rElec  .         Spirit   .     g - ring of wizardry
rCorr  .         Warding  .     (no ring)
rMut   .         Stasis   .     (no ring)
MR     .....                    (no ring)
Stlth  ++........               (no ring)
                                (no ring)
                                (no ring)
                                (no ring)

@: lethally poisoned, exhausted, appendage (expiring), slowed, very slow, not
resistant to hostile enchantments, unstealthy
A: almost no armour, amphibious, 8 rings, constrict 8, tentacle spike 3,
camouflage 1, gelatinous body 1
a: End Transformation, Evoke Berserk Rage


You were on level 2 of the Dungeon.
You were not hungry.
One of your tentacles had a temporary spike.
You visited 1 branch of the dungeon, and saw 2 of its levels.

You collected 55 gold pieces.

Inventory:

Jewellery
 b - an amulet of rage (around mantle)
 g - a ring of wizardry (left tentacle)
Scrolls
 e - 2 scrolls of remove curse
Books
 d - a book of Changes

   Spells                             Type                      Level
   a - Beastly Appendage              Transmutation                1
   b - Sticks to Snakes               Transmutation                2
   c - Spider Form                    Transmutation/Poison         3
   d - Ice Form                       Ice/Transmutation            4
   e - Blade Hands                    Transmutation                5
Comestibles
 a - a bread ration
 f - 2 chunks of flesh


   Skills:
 - Level 1.0 Fighting
 - Level 2.0 Dodging
 - Level 3.0 Unarmed Combat
 - Level 2.0 Spellcasting
 + Level 3.9 Transmutations
 + Level 1.6 Poison Magic


You had 3 spell levels left.
You knew the following spells:

 Your Spells              Type           Power        Failure   Level  Hunger
a - Beastly Appendage     Trmt           ##....       2%          1    #......
b - Spider Form           Trmt/Pois      ##........   9%          3    ###....


Dungeon Overview and Level Annotations

Branches:
Dungeon (2/15)

Altars:


Innate Abilities, Weirdness & Mutations

You cannot wear most types of armour.
You are amphibious.
You can wear up to eight rings at the same time.
You can use your tentacles to constrict many enemies at once.
Your skin changes colour to match your surroundings (Stealth).
Your rubbery body absorbs attacks (AC +1).
One of your tentacles bears a large vicious spike.


Message History

Magic restored.
* * * LOW HITPOINT WARNING * * *
You feel sick.
You continue eating.
* * * LOW HITPOINT WARNING * * *
You feel sick.
A bat comes into view.
The bat moves out of view.
* * * LOW HITPOINT WARNING * * *
You feel sick. The bat misses you.
You see here a scroll labeled SHRI STODWEG.
Your transformation is almost over.
The bat barely misses you.
* * * LOW HITPOINT WARNING * * *
You feel sick. The bat barely misses you.
You are too injured to fight recklessly!
You are too injured to fight recklessly!
You are too injured to fight recklessly!
You are too injured to fight recklessly!
Are you sure you want to abandon this character and quit the game? (Confirm with "yes".)

#.# ###### #.#
......
#.#.###.###.......
#.........>......
#.....#..#........
.##.. #..#.......
... #...........
.##...###.........
#...b.@?..###...
#.###.....#
#.....# #.....#
#.....# #######


You could see a bat.

Vanquished Creatures
  3 adders (D:2)
  A worm (D:2)
  4 goblins (D:1)
  8 hobgoblins
  7 kobolds
  A ball python (D:1)
  5 bats
  A giant cockroach (D:1)
  A giant newt (D:1)
  4 rats
35 creatures vanquished.

Notes
Turn   | Place    | Note
--------------------------------------------------------------
     0 | D:1      | Kemay, the Octopode Transmuter, began the quest for the Orb.
     0 | D:1      | Reached XP level 1. HP: 13/13 MP: 3/3
   270 | D:1      | Reached XP level 2. HP: 12/18 MP: 2/4
  1037 | D:1      | Reached XP level 3. HP: 23/23 MP: 4/6
  1042 | D:1      | Learned a level 3 spell: Spider Form
  1154 | D:2      | HP: 1/23 [adder (1)]
  1159 | D:2      | Reached skill level 1 in Poison Magic
  1581 | D:2      | Reached XP level 4. HP: 27/28 MP: 7/7
  1600 | D:2      | Quit the game

Action                   |  1- 3 |  4- 6 || total
-------------------------+-------+-------++-------
Melee: Unarmed           |    95 |     5 ||   100
 Cast: Beastly Appendage |    18 |     1 ||    19
 Abil: End Transformatio |     4 |       ||     4
       Evoke Berserk Rag |     2 |       ||     2
  Use: Scroll            |     3 |       ||     3
       Potion            |     2 |       ||     2
 Stab: Sleeping          |     1 |       ||     1
  Eat: Chunk             |     3 |     1 ||     4
